 Dungeon Crawl Stone Soup version 0.26-a0-812-g31a745ddcd (webtiles) character file.

Game seed: 2188644667313302411

1611 marklar909 the Sneak (level 8, 0/66 HPs)
             Began as a Yellow Draconian Enchanter on Nov 14, 2020.
             Was a Follower of Dithmenos.
             Shot with an arrow by a centaur (8 damage)
             ... on level 7 of the Dungeon.
             The game lasted 00:15:04 (9474 turns).

marklar909 the Sneak (Yellow Draconian Enchanter)   Turns: 9474, Time: 00:15:05

Health: 0/66       AC: 14    Str: 14    XL:     8   Next: 63%
Magic:  11/12      EV: 14    Int: 16    God:    Dithmenos [*.....]
Gold:   277        SH:  0    Dex: 13    Spells: 1/13 levels left

rFire    . . .     SeeInvis .   t - +0 rapier
rCold    + . .     Faith    .   (no shield)
rNeg     . . .     Spirit   .   (armour unavailable)
rPois    .         Reflect  .   (helmet restricted)
rElec    .         Harm     .   q - +1 cloak
rCorr    +         Rampage  .   s - +1 pair of gloves {Str+3}
MR       .....                  (no boots)
Stlth    +++.......             (no amulet)
HPRegen  0.21/turn              l - +4 ring of protection
MPRegen  0.13/turn              a - ring of protection from cold

@: marked, wreathed by umbra
A: spit acid, unfitting armour, cold-blooded, acid resistance, AC +6
a: Breathe Acid, Renounce Religion


You were on level 7 of the Dungeon.
You worshipped Dithmenos.
Dithmenos was aware of your devotion.
You visited 1 branch of the dungeon, and saw 7 of its levels.

You collected 340 gold pieces.
You spent 63 gold pieces at shops.

Inventory:

Hand Weapons
 t - a +0 rapier (weapon)
Missiles
 p - 8 javelins (quivered)
Armour
 q - a +1 cloak (worn)
 s - a +1 pair of gloves of strength (worn)
Jewellery
 a - a ring of protection from cold (right hand)
 l - a +4 ring of protection (left hand)
 w - an uncursed ring of stealth {unknown}
 z - an uncursed ring of magical power {unknown}
Wands
 c - a wand of digging (11)
 x - a wand of enslavement (12)
 y - a wand of flame (17)
Scrolls
 b - 3 scrolls of remove curse
 g - a scroll of identify
 h - a scroll of blinking
 j - 2 scrolls of teleportation
 o - a scroll of fear
 r - a scroll of immolation {unknown}
 u - 4 scrolls of magic mapping
 A - a scroll of enchant armour
Potions
 d - 4 potions of heal wounds
 e - 2 potions of might
 f - a potion of mutation
 i - a potion of haste {unknown}
 k - 3 potions of ambrosia
 m - a potion of flight {unknown}
 n - 3 potions of curing {unknown}
 v - a potion of magic {unknown}


   Skills:
 + Level 4.0 Fighting
 + Level 4.5 Short Blades
 + Level 4.0 Dodging
 + Level 6.0 Stealth
 - Level 3.1 Spellcasting
 + Level 4.8 Hexes
 + Level 3.0 Ice Magic


You had one spell level left.
You knew the following spells:

 Your Spells              Type           Power        Failure   Level
a - Corona                Hex            ###....      2%          1
b - Ensorcelled Hibernat  Hex/Ice        ###...       5%          2
c - Confusing Touch       Hex            ###.....     8%          3
d - Tukima's Dance        Hex            ###.....     8%          3
e - Dazzling Flash        Conj/Hex       ##....       21%         3

Your spell library contained the following spells:

 Spells                   Type           Power        Failure   Level


Dungeon Overview and Level Annotations

Branches:
Dungeon (7/15)             Temple (0/1) D:5

Altars:
Ashenzari
Cheibriados
Dithmenos
Hepliaklqana
Makhleb
Nemelex Xobeh
Qazlal
Ru
Trog
Vehumet
Wu Jian

Shops:
D:4 [

Annotations:
D:3 3 runed translucent doors, lunkers's ghost, novice OpEE
D:7 Harold


Innate Abilities, Weirdness & Mutations

You can spit globs of acid.
Your golden yellow scales are hard. (AC +6)
You cannot fit into any form of body armour.
You are cold-blooded and may be slowed by cold attacks.
You are resistant to acid. (rCorr)


Message History

Press: ? - help, Shift-Dir - straight line, f/p - Harold
Aim: Harold, wearing a +1 scale mail of fire resistance and carrying a wand of iceblast (9) (lightly wounded, unusually resistant)
The puff of flame hits Harold.
Harold resists.
Harold is lightly wounded.
Harold zaps a wand.
The mass of ice explodes!
The iceblast engulfs you!! You partially resist.
Unknown command.
You have got your breath back.
Harold is nearby!
Harold fires a harpoon shot at you. The harpoon shot misses you.
The centaur shoots an arrow.
The arrow hits you!
* * * LOW HITPOINT WARNING * * *
You see here an arrow.
The centaur shoots an arrow.
The arrow hits you!
* * * LOW HITPOINT WARNING * * *
You see here an arrow.
The centaur shoots an arrow.
The arrow barely misses you.
The centaur shoots an arrow.
The arrow hits you!
You die...

#...# ...... ####...# .......
.......#....... .........
.......#....... ........
.....##....... ...........
#....#....... ...........
#....##......
.....##...#######....##.##...
....!........(@............+<..
(........##.(.######...##..#...
.........##............##..#...
...........#..)........#.......
...........#...................
.........@.#...................
.......c...#........###.......#
...)....o###.(......+.........#
.........####.......####...)..#


You could see a centaur.

Vanquished Creatures
  A dancing weapon (D:7)
  An orc warrior (D:7)
  2 phantoms
  A centaur (D:6)
  3 ogres
  2 bullfrogs (D:6)
  2 scorpions (D:5)
  2 howler monkeys
  2 quasits
  A jelly (D:7)
  A hound (D:7)
  An orc priest (D:4)
  2 bullfrog skeletons
  A centaur skeleton (D:2)
  3 orc wizards
  5 worker ants
  6 gnolls
  10 adders
  A white imp (D:5)
  An ooze (D:3)
  4 worms
  6 leopard geckos
  14 orcs
  3 giant cockroaches
  9 goblins
  6 hobgoblins
  4 quokkas
  A ball python zombie (D:5)
  4 bats
  7 frilled lizards
  7 kobolds
  7 rats
120 creatures vanquished.

Vanquished Creatures (others)
  52 plants (D:4)
52 creatures vanquished.

Grand Total: 172 creatures vanquished

Notes
Turn   | Place    | Note
-------+----------+-------------------------------------------
     0 | D:1      | marklar909 the Draconian Enchanter began the quest for the
                  | Orb.
     0 | D:1      | Reached XP level 1. HP: 14/14 MP: 3/3
   634 | D:1      | Reached XP level 2. HP: 10/20 MP: 3/5
  1494 | D:1      | Learned a level 2 spell: Ensorcelled Hibernation
  1545 | D:2      | Reached skill level 3 in Stealth
  1545 | D:2      | Reached XP level 3. HP: 9/27 MP: 3/6
  1550 | D:2      | Learned a level 3 spell: Confusing Touch
  2165 | D:2      | Reached XP level 4. HP: 29/34 MP: 7/7
  2268 | D:2      | Found an ornate altar of the Wu Jian Council.
  2743 | D:2      | Reached skill level 1 in Fighting
  3063 | D:3      | Found a runed translucent gate.
  3063 | D:3      | Found a runed translucent gate.
  3063 | D:3      | Found a runed translucent gate.
  3192 | D:3      | Reached XP level 5. HP: 15/40 MP: 4/8
  3994 | D:3      | Noticed lunkers's ghost (novice OpEE)
  4226 | D:3      | Found a sparkling altar of Nemelex Xobeh.
  4286 | D:3      | Found a faded altar of an unknown god.
  5209 | D:3      | Reached skill level 4 in Stealth
  5617 | D:4      | Found Tickap's Armour Shop.
  5638 | D:4      | Bought a +0 cloak for 63 gold pieces
  5786 | D:4      | Noticed a phantom
  5855 | D:4      | Killed a phantom
  5855 | D:4      | Reached skill level 1 in Ice Magic
  5855 | D:4      | Reached XP level 6. HP: 33/48 MP: 10/10
  6399 | D:4      | Found a shadowy altar of Dithmenos.
  6399 | D:4      | Found a sparkling altar of Nemelex Xobeh.
  6404 | D:4      | Found a snail-covered altar of Cheibriados.
  6406 | D:4      | Found a burning altar of Makhleb.
  6408 | D:4      | Found a hazy altar of Hepliaklqana.
  6597 | D:4      | Became a worshipper of Dithmenos the Shadowed
  6780 | D:5      | Entered Level 5 of the Dungeon
  6930 | D:4      | Your scales start taking on a golden yellow colour.
  6930 | D:4      | Reached XP level 7. HP: 21/56 MP: 4/11
  6930 | D:4      | Gained mutation: You are resistant to acid. (rCorr) [Yellow
                  | Draconian growth]
  7287 | D:5      | Learned a level 3 spell: Tukima's Dance
  7291 | D:5      | Learned a level 3 spell: Dazzling Flash
  7424 | D:5      | Found a staircase to the Ecumenical Temple.
  7807 | D:5      | Reached XP level 8. HP: 59/64 MP: 2/12
  8198 | D:6      | Reached skill level 5 in Stealth
  8304 | D:6      | Found a radiant altar of Vehumet.
  8502 | D:6      | Found a broken altar of Ashenzari.
  8746 | D:6      | Found a stormy altar of Qazlal.
  8749 | D:6      | Found a sacrificial altar of Ru.
  8752 | D:6      | Found a bloodstained altar of Trog.
  9083 | D:7      | Reached * piety under Dithmenos
  9150 | D:7      | Reached skill level 6 in Stealth
  9182 | D:7      | Noticed Harold
  9474 | D:7      | Shot with an arrow by a centaur

Illustrated notes

Levels and vault maps discovered:
D:1:      dpeg_arrival_tiny_a, layout_loops_cross
D:2:      mumra_celtic_spiral_tile, layout_basic, lemuel_round_altar
D:3:      layout_loops_corners, gammafunk_ghost_icy,
          chequers_ecumenical_altar_island, nemelex_dance_club_becter
D:4:      layout_basic, chequers_temple_overflow_minitemple, serial_shops,
          nicolae_shop_temple_entry_statues_fountains, minmay_misc_feat_roman,
          kennysheep_boxes
D:5:      layout_loops_ring, minmay_temple_entry_glassed_door, minmay_crossroads
D:6:      layout_loops_ring, fiery_altar_vehumet, ashenzari_conservatory_becter,
          grunt_temple_overflow_diamond
D:7:      layout_basic, uniq_harold

Skill      XL: |  1  2  3  4  5  6  7  8 |
---------------+-------------------------+-----
Hexes          | 3 4 |  4.8
Dodging        | 2 3 4 |  4.0
Stealth        | 3 4 6 |  6.0
Fighting       | 1 2 3 4 |  4.0
Short Blades   | 2 3 4 |  4.5
Ice Magic      | 1 2 3 |  3.0
Spellcasting   | 3 |  3.1

Action                   |  1- 3 |  4- 6 |  7- 9 || total
-------------------------+-------+-------+-------++-------
Melee: Dagger            |    86 |    46 |       ||   132
       Tailslap          |     7 |    21 |    17 ||    45
       Rapier            |       |   178 |   151 ||   329
 Cast: Corona            |    12 |     2 |       ||    14
       Ensorcelled Hiber |     1 |    62 |    22 ||    85
       Confusing Touch   |       |     3 |     7 ||    10
       Tukima's Dance    |       |       |     1 ||     1
 Abil: Breathe Acid      |       |       |    12 ||    12
Evoke: Wand              |       |       |     3 ||     3
  Use: Scroll            |       |    13 |     2 ||    15
       Potion            |       |     1 |       ||     1
 Stab: Sleeping          |     7 |    31 |    20 ||    58
       Confused          |       |     1 |     3 ||     4
Armor: Skin              |    18 |   121 |    53 ||   192
Dodge: Dodged            |    56 |   169 |   100 ||   325

Table legend: (Time is in decaauts)
 A = Elapsed time spent in this place.
 B = Non-inter-level travel time spent in this place.
 C = Inter-level travel time spent in this place.
 D = Time resting spent in this place.
 E = Time spent auto-exploring this place.
 F = Levels seen in this place.
 G = Mean time per level.
                   A        B        C        D        E       F      G
               +--------+--------+--------+--------+--------+-----+--------+
         Total |   9493 |   9031 |    462 |   1335 |   6159 |   7 | 1356.1 |
       Dungeon |   9493 |   9031 |    462 |   1335 |   6159 |   7 | 1356.1 |
               +--------+--------+--------+--------+--------+-----+--------+

Top non-repeatable levels by time:
     D:3: 2187 daAuts
     D:2: 1873 daAuts
     D:1: 1521 daAuts
     D:4: 1484 daAuts
     D:5: 1102 daAuts
     D:6: 790 daAuts
     D:7: 533 daAuts
